3AA
BETHESDA ATOMS @ CASPER GHOSTS
08/20/2031
 
TOP OF THE 1ST
Bethesda Atoms batting - Pitching for Casper Ghosts : LHP Reuben Moerman
Pitching: LHP Reuben Moerman
Batting: RHB Héctor Amador 0-0: Ball
1-0: Ball
2-0: Foul Ball, location: 2F
2-1: Ball
3-1: Called Strike
3-2: Foul Ball, location: 2F
3-2: Ground out 6-3 (Groundball, 6M)
Batting: RHB José Luna 0-0: Ball
1-0: Called Strike
1-1: Ball
2-1: Ground out 6-3 (Groundball, 6)
Batting: SHB Pedro Ortega 0-0: Swinging Strike
0-1: Ball
1-1: Swinging Strike
1-2: Strikes out looking
Top of the 1st over - 0 runs, 0 hits, 0 errors, 0 left on base; Bethesda 0 - Casper 0
BOTTOM OF THE 1ST
Casper Ghosts batting - Pitching for Bethesda Atoms : LHP Arnie Banks
Pitching: LHP Arnie Banks
Batting: RHB José Córdova 0-0: Ball
1-0: Foul Ball, location: 2F
1-1: Ground out 6-3 (Groundball, 6)
Batting: RHB Félix Martínez 0-0: Called Strike
0-1: Swinging Strike
0-2: Ball
1-2: Foul Ball, location: 2F
1-2: Ball
2-2: Ball
3-2: Base on Balls
Batting: RHB Armando Pacheco 0-0: Called Strike
0-1: Ball
1-1: Ball
2-1: Foul Ball, location: 2F
2-2: Strikes out swinging
Batting: RHB Bert Cook 0-0: Ball
1-0: Called Strike
1-1: Ball
2-1: Foul Ball, location: 2F
2-2: Ball
3-2: Strikes out swinging
Bottom of the 1st over - 0 runs, 0 hits, 0 errors, 1 left on base; Bethesda 0 - Casper 0
TOP OF THE 2ND
Bethesda Atoms batting - Pitching for Casper Ghosts : LHP Reuben Moerman
Batting: RHB Andrés López 0-0: Ground out 5-3 (Groundball, 56)
Batting: RHB Renato Zuvic 0-0: Ball
1-0: Called Strike
1-1: Fly out, F8 (Flyball, 8LD)
Batting: LHB Rob Rodríguez 0-0: Ball
1-0: Ground out 5-3 (Groundball, 56S)
Top of the 2nd over - 0 runs, 0 hits, 0 errors, 0 left on base; Bethesda 0 - Casper 0
BOTTOM OF THE 2ND
Casper Ghosts batting - Pitching for Bethesda Atoms : LHP Arnie Banks
Batting: LHB Ronald Anderson 0-0: Ball
1-0: Ground out 6-3 (Groundball, 6M)
Batting: RHB Adrijan Markovski 0-0: Foul Ball, location: 2F
0-1: Ball
1-1: Called Strike
1-2: SINGLE (Line Drive, 4MD)
Batting: RHB Henry Appleby 0-0: Ball
1-0: Ball
2-0: Ball
3-0: Base on Balls
Adrijan Markovski to second
Batting: RHB Juan Hernández 0-0: Called Strike
0-1: Swinging Strike
0-2: Ball
1-2: Foul Ball, location: 2F
1-2: Ball
2-2: Strikes out swinging
Batting: SHB Paco Ríos 0-0: Called Strike
0-1: Ball
1-1: Ball
2-1: Swinging Strike
2-2: SINGLE (Groundball, 6D)
Adrijan Markovski to third
Henry Appleby to second
Runner from 3rd tries for Home, SAFE, no throw
Batting: RHB José Córdova 0-0: Called Strike
0-1: Called Strike
0-2: Ball
1-2: Fly out, F5 (Popup, 5SF)
Bottom of the 2nd over - 1 run, 2 hits, 0 errors, 2 left on base; Bethesda 0 - Casper 1
TOP OF THE 3RD
Bethesda Atoms batting - Pitching for Casper Ghosts : LHP Reuben Moerman
Batting: SHB Pat Sargent 0-0: Swinging Strike
0-1: Foul Ball, location: 2F
0-2: Ball
1-2: Ball
2-2: Foul Ball, location: 2F
2-2: Foul Ball, location: 2F
2-2: Foul Ball, location: 2F
2-2: Ball
3-2: Ground out 4-3 (Groundball, 4)
Batting: RHB Diego Romero 0-0: Ball
1-0: Foul Ball, location: 2F
1-1: Called Strike
1-2: Strikes out looking
Batting: RHB Maurice Tremain 0-0: Swinging Strike
0-1: Ball
1-1: Foul Ball, location: 2F
1-2: Foul Ball, location: 2F
1-2: Strikes out swinging
Top of the 3rd over - 0 runs, 0 hits, 0 errors, 0 left on base; Bethesda 0 - Casper 1
BOTTOM OF THE 3RD
Casper Ghosts batting - Pitching for Bethesda Atoms : LHP Arnie Banks
Batting: RHB Félix Martínez 0-0: Called Strike
0-1: Ball
1-1: Ball
2-1: Foul Ball, location: 2F
2-2: Foul Ball, location: 2F
2-2: Fly out, F3 (Popup, 23F)
Batting: RHB Armando Pacheco 0-0: Foul Ball, location: 2F
0-1: Ball
1-1: Called Strike
1-2: Ball
2-2: Ball
3-2: Fly out, F9 (Flyball, 9S)
Batting: RHB Bert Cook 0-0: Ball
1-0: Ball
2-0: Ball
3-0: Called Strike
3-1: Base on Balls
Batting: LHB Ronald Anderson 0-0: Foul Ball, location: 2F
0-1: Called Strike
0-2: Ball
1-2: Ball
2-2: Fly out, F4 (Line Drive, 4)
Bottom of the 3rd over - 0 runs, 0 hits, 0 errors, 1 left on base; Bethesda 0 - Casper 1
TOP OF THE 4TH
Bethesda Atoms batting - Pitching for Casper Ghosts : LHP Reuben Moerman
Batting: RHB Héctor Amador 0-0: Ball
1-0: Called Strike
1-1: Swinging Strike
1-2: Fly out, F8 (Line Drive, 8LD)
Batting: RHB José Luna 0-0: Foul Ball, location: 2F
0-1: Foul Ball, location: 2F
0-2: Ball
1-2: Ball
2-2: Strikes out swinging
Batting: SHB Pedro Ortega 0-0: Ground out 6-3 (Groundball, 56)
Top of the 4th over - 0 runs, 0 hits, 0 errors, 0 left on base; Bethesda 0 - Casper 1
BOTTOM OF THE 4TH
Casper Ghosts batting - Pitching for Bethesda Atoms : LHP Arnie Banks
Batting: RHB Adrijan Markovski 0-0: SINGLE (Groundball, 6MD)
Batting: RHB Henry Appleby 0-0: Called Strike
0-1: Ball
1-1: Ball
2-1: SINGLE (Line Drive, 78S)
Adrijan Markovski to second
Batting: RHB Juan Hernández 0-0: Ball
1-0: Fly out, F9 (Flyball, 9LMF)
Batting: SHB Paco Ríos 0-0: Ball
1-0: Reached on error, E5 (Groundball, 56)
Adrijan Markovski to third
Henry Appleby to second
Batting: RHB José Córdova 0-0: Ball
1-0: Ball
2-0: Ball
3-0: Called Strike
3-1: Ground out 3-1 (Groundball, 3S)
Adrijan Markovski scores
Henry Appleby to third
Paco Ríos to second
Batting: RHB Félix Martínez 0-0: Ground out 4-3 (Groundball, 4S)
Bottom of the 4th over - 1 run, 2 hits, 1 error, 2 left on base; Bethesda 0 - Casper 2
TOP OF THE 5TH
Bethesda Atoms batting - Pitching for Casper Ghosts : LHP Reuben Moerman
Batting: RHB Andrés López 0-0: SINGLE (Flyball, 56D)
Batting: RHB Renato Zuvic 0-0: Fly out, F9 (Flyball, 9S)
Batting: LHB Rob Rodríguez 0-0: Called Strike
0-1: Foul Ball, location: 2F
0-2: SINGLE (Line Drive, 4M)
Andrés López to second
Batting: SHB Pat Sargent 0-0: Ball
1-0: Called Strike
1-1: Fly out, F9 (Flyball, 9LMF)
Batting: RHB Diego Romero 0-0: Foul Ball, location: 2F
0-1: Called Strike
0-2: Ball
1-2: Foul Ball, location: 2F
1-2: Foul Ball, location: 2F
1-2: SINGLE (Groundball, 4D)
Andrés López to third
Rob Rodríguez to second
Runner from 3rd tries for Home, SAFE, no throw
Batting: RHB Maurice Tremain 0-0: Swinging Strike
0-1: Fly out, F5 (Popup, 5SF)
Top of the 5th over - 1 run, 3 hits, 0 errors, 2 left on base; Bethesda 1 - Casper 2
BOTTOM OF THE 5TH
Casper Ghosts batting - Pitching for Bethesda Atoms : LHP Arnie Banks
Batting: RHB Armando Pacheco 0-0: Ball
1-0: Called Strike
1-1: Swinging Strike
1-2: Ground out 4-3 (Groundball, 4)
Batting: RHB Bert Cook 0-0: Ground out U3 (Groundball, 3)
Batting: LHB Ronald Anderson 0-0: Foul Ball, location: 2F
0-1: Ground out 5-3 (Groundball, 5)
Bottom of the 5th over - 0 runs, 0 hits, 0 errors, 0 left on base; Bethesda 1 - Casper 2
TOP OF THE 6TH
Bethesda Atoms batting - Pitching for Casper Ghosts : LHP Reuben Moerman
Batting: RHB Héctor Amador 0-0: Called Strike
0-1: Foul Ball, location: 2F
0-2: Foul Ball, location: 2F
0-2: Ball
1-2: Ball
2-2: Foul Ball, location: 2F
2-2: Ball
3-2: Strikes out looking
Batting: RHB José Luna 0-0: Ball
1-0: Ball
2-0: Called Strike
2-1: Foul Ball, location: 2F
2-2: Strikes out swinging
Batting: SHB Pedro Ortega 0-0: Swinging Strike
0-1: Foul Ball, location: 2F
0-2: Ground out 5-3 (Groundball, 56S)
Top of the 6th over - 0 runs, 0 hits, 0 errors, 0 left on base; Bethesda 1 - Casper 2
BOTTOM OF THE 6TH
Casper Ghosts batting - Pitching for Bethesda Atoms : LHP Arnie Banks
Batting: RHB Adrijan Markovski 0-0: Called Strike
0-1: Ball
1-1: Ball
2-1: Ball
3-1: Base on Balls
Batting: RHB Henry Appleby 0-0: Bunted foul
0-1: Bunted foul
0-2: Ground out 5-3 (Groundball, 56)
Adrijan Markovski to second
Batting: RHB Juan Hernández 0-0: Fly out, F5 (Popup, 5SF)
Batting: SHB Paco Ríos 0-0: Ball
1-0: Ball
2-0: Foul Ball, location: 2F
2-1: Ground out 1-3 (Groundball, P)
Bottom of the 6th over - 0 runs, 0 hits, 0 errors, 1 left on base; Bethesda 1 - Casper 2
TOP OF THE 7TH
Bethesda Atoms batting - Pitching for Casper Ghosts : LHP Reuben Moerman
Batting: RHB Andrés López 0-0: Foul Ball, location: 2F
0-1: Foul Ball, location: 2F
0-2: Ground out 3-1 (Groundball, 34)
Batting: RHB Renato Zuvic 0-0: Foul Ball, location: 2F
0-1: Ball
1-1: Fly out, F8 (Flyball, 8RD)
Batting: LHB Rob Rodríguez 0-0: Fly out, F7 (Flyball, 78D)
Top of the 7th over - 0 runs, 0 hits, 0 errors, 0 left on base; Bethesda 1 - Casper 2
BOTTOM OF THE 7TH
Casper Ghosts batting - Pitching for Bethesda Atoms : LHP Arnie Banks
Batting: RHB José Córdova 0-0: Ball
1-0: Foul Ball, location: 2F
1-1: Swinging Strike
1-2: Foul Ball, location: 2F
1-2: Foul Ball, location: 2F
1-2: Strikes out swinging
Batting: RHB Félix Martínez 0-0: Ball
1-0: Ball
2-0: Called Strike
2-1: Called Strike
2-2: Foul Ball, location: 2F
2-2: Foul Ball, location: 2F
2-2: Ground out 1-3 (Groundball, 15)
Batting: RHB Armando Pacheco 0-0: Called Strike
0-1: Ball
1-1: SINGLE (Groundball, 4MD)
Pitching: RHP José López
Pinch Hitting: LHB Shunso Kiyomizu 0-0: Ball
1-0: Called Strike
1-1: Ball
2-1: Fly out, F8 (Flyball, 8RS)
Bottom of the 7th over - 0 runs, 1 hit, 0 errors, 1 left on base; Bethesda 1 - Casper 2
TOP OF THE 8TH
Bethesda Atoms batting - Pitching for Casper Ghosts : LHP Reuben Moerman
Now at 1B: Roberto De La Cruz
Now in CF: Shunso Kiyomizu
Batting: SHB Pat Sargent 0-0: Ball
1-0: Foul Ball, location: 2F
1-1: Swinging Strike
1-2: Foul Ball, location: 2F
1-2: Strikes out swinging
Batting: RHB Diego Romero 0-0: Ball
1-0: Foul Ball, location: 2F
1-1: Ball
2-1: Ball
3-1: Foul Ball, location: 2F
3-2: Strikes out looking
Batting: RHB Maurice Tremain 0-0: Fly out, F9 (Flyball, 89S)
Top of the 8th over - 0 runs, 0 hits, 0 errors, 0 left on base; Bethesda 1 - Casper 2
BOTTOM OF THE 8TH
Casper Ghosts batting - Pitching for Bethesda Atoms : RHP José López
Batting: LHB Ronald Anderson 0-0: Ball
1-0: Ball
2-0: Called Strike
2-1: Ball
3-1: Called Strike
3-2: Ground out U3 (Groundball, 3)
Batting: RHB Adrijan Markovski 0-0: Ball
1-0: Ball
2-0: Foul Ball, location: 2F
2-1: Ball
3-1: Called Strike
3-2: Foul Ball, location: 2F
3-2: Base on Balls
Batting: RHB Henry Appleby 0-0: Grounds into double play, 6-4-3 (Groundball, 6)
Bottom of the 8th over - 0 runs, 0 hits, 0 errors, 0 left on base; Bethesda 1 - Casper 2
TOP OF THE 9TH
Bethesda Atoms batting - Pitching for Casper Ghosts : LHP Reuben Moerman
Pinch Hitting: RHB Chase Mooney 0-0: Ball
1-0: Ground out 5-3 (Groundball, 56)
Batting: RHB José Luna 0-0: Ball
1-0: Ball
2-0: Called Strike
2-1: Fly out, F8 (Flyball, 8LD)
Batting: SHB Pedro Ortega 0-0: Called Strike
0-1: Swinging Strike
0-2: Strikes out swinging
Top of the 9th over - 0 runs, 0 hits, 0 errors, 0 left on base; Bethesda 1 - Casper 2
Tuesday, June 12th, 2018 - OOTP Baseball 18.8 Build 76